 Dungeon Crawl Stone Soup version 0.31.0-12-g77e489cdc1 (webtiles) character file.

Game seed: 13107034346651677942

173 Gadfly the Ruffian (level 5, 0/38 HPs)
             Began as a Demonspawn Shapeshifter on Mar 3, 2024.
             Killed from afar by Natasha (5 damage)
             ... with a puff of flame
             ... on level 3 of the Dungeon.
             The game lasted 00:05:06 (3360 turns).

Gadfly the Ruffian (Demonspawn Shapeshifter)        Turns: 3360, Time: 00:05:07

Health: 0/38       AC:  4    Str: 17    XL:     5   Next: 28%
Magic:  5/5        EV: 12    Int: 10    God:
Gold:   170        SH:  0    Dex: 12    Spells: 4/4 levels left

rFire   . .          .
                       - Unarmed
rCold   . . .        (no shield)
rNeg    . . .        a - +0 animal skin
rPois   .            e - melded +1 helmet
rElec   .            f - melded +0 cloak
rCorr   .            j - melded +0 pair of gloves
SInv    .            m - melded +1 pair of boots {Fly}
Will    .....        (no amulet)
Stlth   +            (no ring)
HPRegen 0.26/turn    (no ring)
MPRegen 0.09/turn

%: no passive effects
@: beast-form, slowed, very slow
A: beast (slay +1), thin metallic scales 1
a: Begin Untransformation


You were on level 3 of the Dungeon.
You were a hulking beast.
You visited 1 branch of the dungeon, and saw 4 of its levels.

You collected 170 gold pieces.

Inventory:

Armour
 a - a +0 animal skin (worn)
 e - a +1 helmet (melded)
 f - a +0 cloak (melded)
 j - a +0 pair of gloves (melded)
 m - a +1 pair of boots of flying (melded)
 o - a scarf of harm
Talismans
 c - a beast talisman (active)
 d - a flux talisman
Scrolls
 g - 4 scrolls of enchant weapon {unknown}
 k - a scroll of blinking {unknown}
Potions
 b - a potion of lignification
 h - a potion of attraction
 i - a potion of mutation {unknown}
 l - a potion of haste {unknown}
 n - a potion of resistance {unknown}


   Skills:
 + Level 2.1 Fighting
 + Level 2.5 Dodging
 * Level 3.7 Unarmed Combat
 * Level 2.4 Evocations
 + Level 3.0 Shapeshifting


You had 4 spell levels left.
You didn't know any spells.
Your spell library contained the following spells:

 Spells                   Type           Power      Damage    Failure   Level
 Magic Dart               Conj           0%         1d3       36%         1
 Searing Ray              Conj           0%         2d4       50%         2
 Fulminant Prism          Conj/Alch      0%         3d5       98%         4


Dungeon Overview and Level Annotations

Branches:
Dungeon (4/15)
 Temple: D:4-7

Altars:

Shops:
D:2 (

Annotations:
D:3 Natasha


Innate Abilities, Weirdness & Mutations

You are a hulking beast.
Your limbs bulge with bestial killing power. (Slay +1)
You are partially covered in thin metallic scales. (AC +2)


Message History

You hit Natasha.
Natasha is heavily wounded.
Natasha claws you. x2
You hit Natasha.
Natasha is severely wounded.
Natasha stares at you and mumbles some strange words.
The magic dart hits you!
You are too injured to fight recklessly!
You are too injured to fight recklessly!
You are too injured to fight recklessly!
You are too injured to fight recklessly!
You are too injured to fight recklessly!
You are too injured to fight recklessly!
You are too injured to fight recklessly!
You are too injured to fight recklessly!
You are too injured to fight recklessly!
You are too injured to fight recklessly!
You are too injured to fight recklessly!
You are too injured to fight recklessly!
You are too injured to fight recklessly!
You are too injured to fight recklessly!
You closely miss Natasha.
Natasha is severely wounded.
Natasha claws you.
* * * LOW HITPOINT WARNING * * *
You barely miss Natasha.
Natasha is severely wounded.
Natasha casts a spell at you.
You feel as though you will be slow longer.
Natasha claws you.
* * * LOW HITPOINT WARNING * * *
You hit Natasha but do no damage.
Natasha is severely wounded.
Natasha claws you.
* * * LOW HITPOINT WARNING * * *
You completely miss Natasha.
Natasha is severely wounded.
Natasha zaps a wand.
The puff of flame hits you.
You die...
Natasha curls up and begins to purr.

†#....................#.###..##.#
.#.#####..######......#.##....##.
#..# #................##.##..##
.#.# #...#######....#.####..†)#
...# #...# ##>..#.##...##..
#..#####...# #####...#.##.###...
#..........# ##.......#.####...##
#.#.#####..###<..##.#.#.##...###.
#.#.#####......hh...#.#.##.###.#.
#................####..#.#'#.#..#
###............)## #.####.#..#.#
# #######.......#####..#....#.###
# #.............#.##..###.. #####
#.......############# ### ....#
##......########[..## ###.#
##.......[.....###.#####
#.########.##.######.## ##...†.


You could see Natasha.

Vanquished Creatures
  Natasha (twice) (D:3)
  3 adders (D:3)
  4 gnolls (D:3)
  A ribbon worm (D:2)
  2 orcs (D:3)
  2 endoplasms
  2 giant cockroaches (D:3)
  8 goblins
  11 hobgoblins
  5 kobolds (D:3)
  A quokka (D:2)
  2 ball pythons (D:1)
  6 bats
  3 frilled lizards
  2 rats
54 creatures vanquished.

Notes
Turn   | Place    | Note
-------+----------+-------------------------------------------
     0 | D:1      | Gadfly the Demonspawn Shapeshifter began the quest for the
                  | Orb.
     0 | D:1      | Reached XP level 1. HP: 15/15 MP: 1/1
   495 | D:1      | Gained mutation: You are partially covered in thin metallic
                  | scales. (AC +2) [demonic ancestry]
   495 | D:1      | Reached XP level 2. HP: 6/21 MP: 2/2
   881 | D:2      | Reached skill level 1 in Evocations
  1584 | D:2      | Found Fidoan's Weapon Boutique.
  1724 | D:2      | Reached XP level 3. HP: 26/26 MP: 3/3
  2252 | D:3      | Reached XP level 4. HP: 4/33 MP: 4/4
  2856 | D:3      | Noticed Natasha
  2868 | D:3      | Killed Natasha
  3038 | D:3      | Reached XP level 5. HP: 27/38 MP: 5/5
  3277 | D:3      | Noticed Natasha
  3284 | D:3      | Killed Natasha
  3345 | D:3      | Noticed Natasha
  3360 | D:3      | Killed from afar by Natasha

Illustrated notes

Levels and vault maps discovered:
D:1:      psy_arrival_fountain, layout_basic
D:2:      layout_basic, serial_shops, nicolae_shop_tiny_real_fake_doors,
          chequers_serial_rivers_small_3
D:3:      minmay_razor_zed, layout_loops_ring, uniq_natasha
D:4:      layout_cave_pods

Skill      XL: |  1  2  3  4 |
---------------+-------------+-----
Evocations     | 1 2 |  2.4
Dodging        | 2 |  2.5
Unarmed Combat | 3 |  3.7
Shapeshifting  | 3 |  3.0
Fighting       | 2 |  2.1

Action                     |  1- 3 |  4- 6 || total
---------------------------+-------+-------++-------
  Melee: Unarmed           |   102 |   102 ||   204
         Punch             |     4 |     1 ||     5
Ability: Begin Untransform |     3 |     2 ||     5
    Use: Scroll            |     3 |     2 ||     5
         Potion            |     5 |       ||     5
   Stab: Sleeping          |       |     2 ||     2
 Armour: Animal skin       |    74 |    59 ||   133
  Dodge: Dodged            |    65 |    43 ||   108
   Form: Beast             |     3 |     2 ||     5
